AoeStats
← MONSTAR36

Black Forest

509724939Analyzed
4v4 RM · 3d ago on Sep 27, 2026· 43m 9s· 8 players
Game mode
Random Map
Map size
Large (8 player)
Population
200
Speed
Normal
Resources
Standard
Victory
Conquest
Starting age
Dark Age
Ending age
Imperial Age
RankedLock teamsTeams togetherTeam positionsShared explorationLock speedFull tech treeHidden civsTurbo modeCheats
Victory
Defeat
🇩🇪 Khmer · Germany
687
+14
🇳🇱 Romans · Netherlands
674
+15
🇩🇪 Teutons · Germany
667
+15
🇹🇼 Britons · Taiwan
662
+15
🇲🇽 Spanish · Mexico
658
-15
🇺🇸 Khmer · United States
654
-15
🇲🇦 Bohemians · Morocco
644
-15
🇧🇷 Turks · Brazil
629
-14
darthfunk85
13:41 Feudal Age
14:12 Double-Bit Axe
14:13 Horse Collar
17:28 Wheelbarrow
24:11 Castle Age
25:26 Husbandry
24:49 Pikeman
25:53 Hand Cart
26:06 Heavy Plow
29:11 Bow Saw
30:30 Stone Mining
36:19 Gold Mining
37:08 Bloodlines
37:18 Light Cavalry
angelottis
0:28 Loom
14:38 Feudal Age
16:03 Wheelbarrow
15:20 Double-Bit Axe
17:32 Stone Mining
20:07 Gold Mining
21:28 Horse Collar
28:03 Castle Age
26:17 Scale Barding Armor
29:12 Caravan
29:23 Bow Saw
29:15 Heavy Plow
31:17 Chain Barding Armor
31:08 Forging
33:54 Iron Casting
39:31 Imperial Age
38:19 Bloodlines
38:12 Husbandry
39:38 Cavalier
40:43 Conscription
41:00 Plate Barding Armor
41:18 Hand Cart
42:18 Blast Furnace
ManilaTen142289
11:33 Feudal Age
12:19 Double-Bit Axe
15:46 Horse Collar
20:19 Gold Mining
20:22 Stone Mining
25:20 Castle Age
26:21 Bow Saw
26:14 Heavy Plow
27:17 Gold Shaft Mining
26:51 Caravan
29:22 Fervor
30:52 Fletching
31:13 Forging
31:03 Scale Mail Armor
31:09 Scale Barding Armor
31:12 Squires
30:38 Man-at-Arms
31:27 Thumb Ring
37:23 Imperial Age
35:48 Ballistics
35:24 Murder Holes
37:06 Wheelbarrow
37:33 Husbandry
37:43 Bloodlines
38:27 Hand Cart
39:21 Two-Man Saw
40:06 Conscription
39:52 Husbandry
40:07 Bodkin Arrow
42:32 Iron Casting
42:12 Chain Mail Armor
42:18 Chain Barding Armor
41:59 Padded Archer Armor
42:00 Bracer
MONSTAR36
0:35 Loom
13:46 Feudal Age
14:32 Double-Bit Axe
14:43 Horse Collar
18:45 Wheelbarrow
24:02 Castle Age
26:07 Bow Saw
31:33 Heavy Plow
33:03 Hand Cart
34:06 Chemistry
32:59 Town Watch
34:32 Ballistics
39:16 Imperial Age
36:51 Town Patrol
40:04 Hussite Reforms
40:30 Redemption
40:47 Sanctity
42:26 Wagenburg Tactics
42:45 Conscription
41:46 Elite Hussite Wagon
Lethallegend420
12:59 Feudal Age
11:16 Loom
19:19 Castle Age
18:54 Stone Mining
24:54 Caravan
24:58 Double-Bit Axe
24:57 Horse Collar
25:15 Gold Mining
27:55 Bow Saw
27:50 Heavy Plow
28:35 Gold Shaft Mining
31:54 Imperial Age
30:04 Wheelbarrow
29:22 Pikeman
33:06 Ballistics
33:47 Chemistry
33:01 Squires
34:33 Scale Mail Armor
35:52 Fortified Wall
35:53 Masonry
35:41 Murder Holes
36:32 Ballistas
36:49 Conscription
37:33 Heavy Scorpion
40:31 Halberdier
Duckface
8:12 Loom
12:42 Feudal Age
13:17 Horse Collar
17:43 Castle Age
16:04 Stone Mining
18:37 Double-Bit Axe
20:46 Bow Saw
27:14 Wheelbarrow
26:41 Heavy Plow
32:17 Imperial Age
32:16 Scale Barding Armor
33:00 Double Crossbow
34:20 Chain Barding Armor
36:00 Hand Cart
38:19 Elite Ballista Elephant
42:10 Caravan
iiiqq-qwzaa---q
10:07 Feudal Age
10:34 Double-Bit Axe
11:27 Wheelbarrow
12:52 Horse Collar
21:30 Castle Age
21:04 Stone Mining
21:09 Gold Mining
22:34 Hand Cart
22:33 Heavy Plow
24:05 Bow Saw
25:26 Gold Shaft Mining
24:50 Fletching
29:48 Bodkin Arrow
33:06 Imperial Age
30:58 Padded Archer Armor
34:55 Chemistry
35:09 Two-Man Saw
35:05 Ballistics
35:07 Elite Longbowman
36:14 Bracer
37:17 Yeomen
38:11 Leather Archer Armor
39:28 Heavy Scorpion
Señor_Bingus
0:52 Loom
17:07 Feudal Age
22:22 Castle Age
20:20 Double-Bit Axe
20:55 Town Watch
28:38 Forging
28:28 Scale Mail Armor
27:59 Man-at-Arms
28:24 Gambesons
28:11 Man-at-Arms
28:37 Gambesons
28:38 Arson
28:59 Long Swordsman
34:20 Iron Casting
34:12 Chain Mail Armor
37:06 Wheelbarrow
36:32 Town Patrol
36:55 Bow Saw
Connection lost

Rejoining the realm…

Still unreachable

The connection could not be restored.

Session expired

The server has moved on; the page needs a fresh start.